 Dungeon Crawl Stone Soup version 0.27-a0-920-gb2bd10914a (webtiles) character file.

Game seed: 12548651890162783511

32 siradein the Magician (level 3, 0/25 HPs)
             Began as a Djinni Hedge Wizard on Apr 10, 2021.
             Slain by a gnoll
             ... wielding a +0 whip
              (10 damage)
             ... on level 2 of the Dungeon.
             The game lasted 00:03:48 (1683 turns).

siradein the Magician (Djinni Hedge Wizard)         Turns: 1683, Time: 00:03:49

Health: 0/25       AC:  3    Str:  9    XL:     3   Next: 25%
Gold:   43         EV: 12    Int: 16    God:
                   SH:  0    Dex: 12

rFire    + + .     SeeInvis .   a - +0 dagger
rCold    x . .     Faith    .   (no shield)
rNeg     . . .     Spirit   .   b - +0 robe
rPois    ∞         Reflect  .   d - +0 helmet
rElec    .         Harm     .   (no cloak)
rCorr    .         Rampage  .   (no gloves)
Will     .....                  (boots unavailable)
Stlth    ++........             (no amulet)
HPRegen  0.08/turn              (no ring)
MPRegen  0.00/turn              (no ring)

@: flying, very slightly contaminated
A: fire resistance 2, cold vulnerability 1, float, innate caster, hp casting,
extra vitality 1
a: no special abilities


You were on level 2 of the Dungeon.
You visited 1 branch of the dungeon, and saw 2 of its levels.

You collected 43 gold pieces.

Inventory:

Hand Weapons
 a - a +0 dagger (weapon)
Armour
 b - a +0 robe (worn)
 d - a +0 helmet (worn)
Scrolls
 c - 2 scrolls of fear {unknown}
 f - a scroll of identify {unknown}
 g - a scroll of teleportation {unknown}
Potions
 e - a potion of curing {unknown}


   Skills:
 - Level 2.1 Dodging
 - Level 1.5 Stealth
 + Level 3.7 Spellcasting


You couldn't memorise any spells.
You knew the following spells:

 Your Spells              Type           Power      Damage    Failure   Level
a - Magic Dart            Conj           56%        1d5       3%          1
b - Blink                 Tloc           N/A        N/A       6%          2
c - Call Imp              Summ           14%        N/A       6%          2
d - Slow                  Hex            14%        N/A       6%          2
e - Conjure Flame         Conj/Fire      14%        6-21      12%         3
f - Mephitic Cloud        Conj/Pois/Air  14%        N/A       12%         3
g - Summon Small Mammal   Summ           56%        N/A       3%          1
Your spell library was empty.

Dungeon Overview and Level Annotations

Branches:
Dungeon (2/15)

Altars:


Innate Abilities, Weirdness & Mutations

You are immune to poison.
Your flesh is very heat resistant. (rF++)
You are vulnerable to cold. (rC-)
You float through the air rather than walking.
You learn spells naturally, not from books.
Your magical power is your life essence.
You have superior vitality. (+4 HP)


Message History

The gnoll is moderately wounded.
A ball python comes into view.
Aiming: Magic Dart (safe; 3% risk of failure)
Press: ? - help, Q - select action, (/) - cycle Shift-Dir - straight line, f/p - gnoll
Aim: a gnoll, wielding a +0 whip (moderately wounded, 0% to evade)
The magic dart hits the gnoll.
The gnoll is heavily wounded.
The ball python hisses angrily.
You hear a shout!
Aiming: Magic Dart (safe; 3% risk of failure)
Press: ? - help, Q - select action, (/) - cycle Shift-Dir - straight line, f - ball python
Aim: a ball python (0% to evade)
The magic dart hits the ball python.
The ball python is severely wounded.
Aiming: Magic Dart (safe; 3% risk of failure)
Press: ? - help, Q - select action, (/) - cycle Shift-Dir - straight line, f/p - ball python
Aim: a ball python (severely wounded, 0% to evade)
The magic dart hits the ball python.
You kill the ball python!
Aiming: Magic Dart (safe; 3% risk of failure)
Press: ? - help, Q - select action, (/) - cycle Shift-Dir - straight line, f - gnoll
Aim: a gnoll, wielding a +0 whip (heavily wounded, 0% to evade)
You miscast Magic Dart.
You are very lightly contaminated with residual magic.
Nothing appears to happen.
Aiming: Magic Dart (safe; 3% risk of failure)
Press: ? - help, Q - select action, (/) - cycle Shift-Dir - straight line, f/p - gnoll
Aim: a gnoll, wielding a +0 whip (heavily wounded, 0% to evade)
The magic dart hits the gnoll.
The gnoll is heavily wounded.
The gnoll hits you with a +0 whip!
A gnoll comes into view. It is wielding a +0 whip.
The gnoll moves out of view.
Casting: Magic Dart (safe; 3% risk of failure)
Confirm with . or Enter, or press ? or * to list all spells.
Aiming: Slow (safe; 6% risk of failure)
Press: ? - help, Shift-Dir - straight line, f/p - gnoll
Aim: a gnoll, wielding a +0 whip (heavily wounded, chance to affect: 60%)
The gnoll seems to slow down.
The gnoll hits you with a +0 whip!
You die...

##. ##
#..#######.!$
#............
.:#......#..†#
#.#.......#.#
#.#....#...#
#.......#..#
#.##.#g!.#
######.##.@#..# .
.......#....###..
.......)...#...#.
.#####.##.#.....#
#.#......[..#
#.#####.#÷.#.....#.
#...........#...#..
#######..#...###...
#..#..#..# .


You could see a gnoll (slow).

Vanquished Creatures
  A worm (D:2)
  A dart slug (D:1)
  2 ball pythons
  4 endoplasms
  4 giant cockroaches (D:1)
  2 goblins
  A hobgoblin (D:1)
  2 jackals (D:1)
  2 kobolds (D:1)
  A frilled lizard (D:2)
  4 rats
24 creatures vanquished.

Notes
Turn   | Place    | Note
-------+----------+-------------------------------------------
     0 | D:1      | siradein the Djinni Hedge Wizard began the quest for the
                  | Orb.
     0 | D:1      | Reached XP level 1. HP: 15/15 MP: 0/0
   237 | D:1      | Reached skill level 3 in Spellcasting
   364 | D:1      | Reached XP level 2. HP: 18/21 MP: 0/0
  1081 | D:1      | Found a faded altar of an unknown god.
  1401 | D:2      | Reached XP level 3. HP: 22/25 MP: 0/0
  1401 | D:2      | Learned a level 1 spell: Summon Small Mammal
  1683 | D:2      | Slain by a gnoll

Illustrated notes

Levels and vault maps discovered:
D:1:      minmay_arrival_loop, layout_loops_cross,
          chequers_ecumenical_altar_grove, hangedman_glass_teeth
D:2:      layout_loops_ring, minmay_splitting_lines, palyth_stone_intersect

Skill      XL: |  1 |
---------------+----+-----
Spellcasting   | 3 |  3.7
Dodging        | |  2.1
Stealth        | |  1.5

Action                   || total
-------------------------++-------
 Cast: Magic Dart        ||    67
       Slow              ||     2
Armor: Robe              ||     1
Dodge: Dodged            ||     8

Table legend: (Time is in decaauts)
 A = Elapsed time spent in this place.
 B = Non-inter-level travel time spent in this place.
 C = Inter-level travel time spent in this place.
 D = Time resting spent in this place.
 E = Time spent auto-exploring this place.
 F = Levels seen in this place.
 G = Mean time per level.
                   A        B        C        D        E       F      G
               +--------+--------+--------+--------+--------+-----+--------+
         Total |   1682 |   1648 |     34 |      0 |   1527 |   2 |  841.0 |
       Dungeon |   1682 |   1648 |     34 |      0 |   1527 |   2 |  841.0 |
               +--------+--------+--------+--------+--------+-----+--------+

Top non-repeatable levels by time:
     D:1: 1396 daAuts
     D:2: 286 daAuts
